 Dungeon Crawl Stone Soup version 0.20-a0-1089-g3fde505 (webtiles) character file.

13450 sveltemanboy the Fencer (level 11, -2/75 HPs)
             Began as a Demonspawn Monk on May 2, 2017.
             Was an Initiate of Gozag.
             Slain by an orc warrior
             ... wielding a +0 halberd
             ... led by an orc warlord
              (23 damage)
             ... on level 1 of the Orcish Mines.
             The game lasted 00:32:06 (11726 turns).

sveltemanboy the Fencer (Demonspawn Monk)          Turns: 11726, Time: 00:32:06

Health: -2/75      AC: 24    Str: 14    XL:     11   Next: 75%
Magic:  11/11      EV: 15    Int: 16    God:    Gozag
Gold:   1314       SH:  0    Dex: 17    Spells: 10/10 levels left

rFire    + . .     SeeInvis +   b - +7 falchion of True Grit {freeze, *Corrode Int+5 SInv}
rCold    . . .     Gourm    .   (no shield)
rNeg     . . .     Faith    .   E - +6 scale mail of Hifuuteoky {MR+}
rPois    .         Spirit   .   (helmet restricted)
rElec    .         Reflect  .   z - +0 cloak
rCorr    .         Harm     .   H - +0 pair of gloves
MR       +....                  (no boots)
Stlth    +.........             A - amulet of rage
Regen    2.3/turn               l - +4 ring of evasion
MPRegen  0.2/turn               t - ring of see invisible

@: gold aura, sanguine armour
A: antennae 2, fire resistance 1, powered by death 2, sanguine armour 2
a: Potion Petition, Call Merchant, Bribe Branch, Renounce Religion, Evoke
Berserk Rage


You were on level 1 of the Orcish Mines.
You worshipped Gozag.
Gozag was most pleased with you.
You were not hungry.

You visited 2 branches of the dungeon, and saw 13 of its levels.

You collected 2110 gold pieces.
You spent 306 gold pieces at shops.
You paid 490 gold pieces to Gozag.

Inventory:

Hand Weapons
 a - a +4 great sword
 b - the +7 falchion of True Grit (weapon) {freeze, *Corrode Int+5 SInv}
   (You found it on level 8 of the Dungeon)

   It has been specially enchanted to freeze those struck by it, causing extra
   injury to most foes and up to half again as much damage against particularly
   susceptible opponents.
   It can also slow down cold-blooded creatures.
   It affects your intelligence (+5).
   It lets you see invisible.
   It may corrode you when you take damage.
Armour
 z - a +0 cloak (worn)
 E - the +6 scale mail of Hifuuteoky (worn) {MR+}
   (You bought it in a shop on level 8 of the Dungeon)

   It affects your resistance to hostile enchantments.
 H - a +0 pair of gloves (worn)
Jewellery
 l - a +4 ring of evasion (left hand)
 t - a ring of see invisible (right hand)
 A - an amulet of rage (around neck)
Wands
 o - a wand of digging (11/24)
 u - a wand of digging (12/24)
 v - a wand of iceblast (0/15)
Scrolls
 f - 6 scrolls of remove curse
 h - 3 scrolls of recharging
 i - 2 scrolls of magic mapping
 k - a scroll of teleportation
 n - 3 scrolls of blinking
 p - 2 scrolls of fear
 r - a scroll of amnesia
 s - a scroll of enchant weapon
 y - a scroll of silence
 B - a scroll of enchant armour
Potions
 c - a potion of brilliance
 m - 4 potions of curing
 q - 2 potions of mutation
 w - 2 potions of haste {unknown}
 C - 2 potions of cancellation
 G - a potion of flight {unknown}
Books
 F - a book of Battle

   Spells                             Type                      Level
   a - Infusion                       Charms                       1
   b - Shroud of Golubria             Charms/Translocation         2
   c - Song of Slaying                Charms                       2
   d - Spectral Weapon                Hexes/Charms                 3
   e - Regeneration                   Charms/Necromancy            3
Comestibles
 j - 4 bread rations


   Skills:
 - Level 3.0 Fighting
 * Level 16.2 Long Blades
 - Level 3.0 Armour
 - Level 3.1 Dodging
 - Level 1.7 Stealth


You had 10 spell levels left.
You didn't know any spells.

Dungeon Overview and Level Annotations

Branches:
Dungeon (11/15)            Temple (0/1) D:5            Lair (0/6) D:10
    Orc (2/2) D:9
    Elf: Orc:2

Altars:
Fedhas
Gozag
Sif Muna

Shops:
D:8 *

Annotations:
D:3 derval's ghost, amateur BaSk
Orc:1 Saint Roka


Innate Abilities, Weirdness & Mutations

You have a pair of antennae on your head.
Your flesh is heat resistant. (rF+)
You regenerate health from kills.
When seriously injured, your bleeding wounds create thick armour. (AC +9)


Message History

The orc warrior is severely wounded.
The orc warrior closely misses you.
The orc warrior is distracted by the nearby gold.
The orc warrior closely misses you.
Your blood armour dries and flakes away.
The orc warrior hits you from afar with a halberd!!
Your blood congeals into armour.
The orc warlord blocks your attack. The orc warlord closely misses you.
You hit the orc warlord. You freeze the orc warlord.
The orc warlord is lightly wounded.
The orc warrior closely misses you.
You hit the orc warlord. You freeze the orc warlord.
The orc warlord is lightly wounded.
The orc warlord hits you with an enchanted war axe!!
* * * LOW HITPOINT WARNING * * *
You barely miss the orc warlord.
The orc warlord is lightly wounded.
The orc warrior hits you from afar with a halberd!!
You die...
Your body crumbles into a pile of gold.

###.....##........##....####..#.
##....##.............##.## ##.##
#.....#.#.....#.......### ###
...#.#####...#####....####
##....##......#.#....###.##
##...........#...[.#.#...#
#........#...oo###[....##
##.......##.$o###.[...###
##.#.##.###..#@###ยง{....###
#.....### #######..{{...#.##
##.#...# ##....o#.o....##
##...## #.......#....#.## ##.##
##.....##....##.## ###
#....##.....#....
##........##.....
##.......#......
##.......##......


You could see an orc warlord and an orc warrior.

Vanquished Creatures
  Azrael (Orc:2)
  2 two-headed ogres
  A deep elf mage (D:8)
  Joseph (D:8)
  A gargoyle (D:11)
  3 trolls
  2 hornets
  2 hippogriffs
  A wraith (D:10)
  A spriggan (D:8)
  2 fire elementals (Orc:2)
  10 yaks
  3 hungry ghosts (D:10)
  A steam dragon (D:9)
  3 wargs (Orc:1)
  4 hell hounds
  4 orc warriors (Orc:1)
  A sky beast (D:9)
  2 black bears
  An eye of draining (D:10)
  A necrophage (D:8)
  A phantom (D:4)
  12 ogres
  A wolf (D:8)
  6 centaurs
  2 big kobolds
  7 bullfrogs
  5 scorpions
  A water moccasin skeleton (D:7)
  4 killer bees (D:8)
  3 wights (D:6)
  2 electric eels (D:8)
  3 crimson imps
  A howler monkey (D:7)
  A quasit (D:8)
  3 hounds
  A jelly (D:8)
  4 centaur skeletons
  5 orc priests
  3 bullfrog skeletons
  Jessica (D:10)
  3 iguanas
  9 orc wizards
  3 worker ants
  A hound skeleton (D:6)
  A howler monkey zombie (D:6)
  A killer bee simulacrum (D:8)
  7 gnolls
  A river rat (D:6)
  23 adders
  A shadow imp (D:6)
  2 white imps (D:8)
  An ufetubus (D:8)
  An adder skeleton (D:8)
  4 worms
  The ghost of 4thArraOfDagon the Skirmisher, a weakling BaMo (D:4)
  A dart slug (D:3)
  An adder simulacrum (D:8)
  9 leopard geckos
  50 orcs
  6 bats
  2 giant cockroaches
  6 goblins
  6 hobgoblins
  4 jackals (D:7)
  5 quokkas
  15 kobolds
  A quokka simulacrum (D:8)
  2 quokka skeletons
  A quokka zombie (D:7)
  13 rats
294 creatures vanquished.

Vanquished Creatures (others)
  A plant (D:4)
1 creature vanquished.

Grand Total: 295 creatures vanquished

Notes
Turn   | Place    | Note
-------+----------+-------------------------------------------
     0 | D:1      | sveltemanboy the Demonspawn Monk began the quest for the Orb.
     0 | D:1      | Reached XP level 1. HP: 18/18 MP: 1/1
    42 | D:1      | Reached skill level 3 in Long Blades
   166 | D:1      | Gained mutation: When seriously injured, your bleeding wounds create armour. (AC +9) [demonic ancestry]
   166 | D:1      | Reached XP level 2. HP: 24/24 MP: 2/2
   656 | D:2      | Reached skill level 1 in Armour
   782 | D:2      | Reached XP level 3. HP: 27/29 MP: 3/3
  1531 | D:3      | Gained mutation: You regenerate a little health from kills. [demonic ancestry]
  1531 | D:3      | Reached XP level 4. HP: 15/35 MP: 4/4
  1657 | D:3      | Noticed derval's ghost (amateur BaSk)
  2160 | D:3      | Reached skill level 4 in Long Blades
  2203 | D:3      | Gained mutation: You regenerate health from kills. [demonic ancestry]
  2203 | D:3      | Reached XP level 5. HP: 41/41 MP: 5/5
  2661 | D:4      | Reached skill level 5 in Long Blades
  2661 | D:4      | Reached XP level 6. HP: 30/47 MP: 6/6
  2866 | D:4      | Reached skill level 6 in Long Blades
  3119 | D:4      | Gained mutation: You have a pair of small antennae on your head. [demonic ancestry]
  3119 | D:4      | Reached XP level 7. HP: 49/52 MP: 7/7
  3335 | D:4      | Noticed 4thArraOfDagon's ghost (weakling BaMo)
  3366 | D:4      | Killed 4thArraOfDagon's ghost
  3539 | D:5      | Entered Level 5 of the Dungeon
  3686 | D:5      | Found an opulent altar of Gozag.
  3707 | D:5      | Became a worshipper of Gozag Ym Sagoz the Greedy
  3727 | D:5      | Reached skill level 7 in Long Blades
  3832 | D:5      | Found a staircase to the Ecumenical Temple.
  4594 | D:6      | Reached skill level 8 in Long Blades
  4928 | D:6      | Gained mutation: When seriously injured, your bleeding wounds create thick armour. (AC +9) [demonic ancestry]
  4928 | D:6      | Reached XP level 8. HP: 44/58 MP: 8/8
  5419 | D:7      | Reached skill level 9 in Long Blades
  5515 | D:7      | Found a blossoming altar of Fedhas.
  6270 | D:7      | Reached skill level 10 in Long Blades
  6380 | D:8      | Noticed Joseph
  6397 | D:8      | Reached XP level 9. HP: 32/63 MP: 9/9
  6555 | D:8      | Killed Joseph
  6762 | D:8      | Reached skill level 11 in Long Blades
  6886 | D:8      | Bought a murky brown potion for 27 gold pieces
  6886 | D:8      | Bought a smoking scale mail for 279 gold pieces
  6913 | D:8      | Identified the +6 scale mail of Hifuuteoky {MR+} (You bought it in a shop on level 8 of the Dungeon)
  7000 | D:8      | Noticed a two-headed ogre
  7017 | D:8      | Killed a two-headed ogre
  7017 | D:8      | Reached skill level 12 in Long Blades
  7042 | D:8      | Got a fine falchion
  7057 | D:8      | Identified the +7 falchion of True Grit {freeze, *Corrode Int+5 SInv} (You found it on level 8 of the Dungeon)
  7202 | D:8      | Noticed a deep elf mage
  7210 | D:8      | Killed a deep elf mage
  7210 | D:8      | Gained mutation: Your flesh is heat resistant. (rF+) [demonic ancestry]
  7210 | D:8      | Reached XP level 10. HP: 30/70 MP: 10/10
  7268 | D:8      | Reached skill level 13 in Long Blades
  7983 | D:9      | Found a staircase to the Orcish Mines.
  8103 | D:9      | Reached skill level 14 in Long Blades
  8384 | D:10     | Entered Level 10 of the Dungeon
  8748 | D:10     | Paralysed by a hornet for 2 turns
  8768 | D:10     | Found a staircase to the Lair.
  8788 | D:10     | Noticed Jessica
  8799 | D:10     | Killed Jessica
  8806 | D:10     | Found a deep blue altar of Sif Muna.
  8863 | D:10     | Noticed a two-headed ogre
  8881 | D:10     | Killed a two-headed ogre
  8881 | D:10     | Gained mutation: You have a pair of antennae on your head. [demonic ancestry]
  8881 | D:10     | Reached XP level 11. HP: 41/75 MP: 11/11
  9162 | D:10     | Reached skill level 15 in Long Blades
  9977 | D:11     | Noticed a four-headed hydra
 10028 | Orc:1    | Entered Level 1 of the Orcish Mines
 10489 | Orc:2    | Entered Level 2 of the Orcish Mines
 10522 | Orc:2    | Noticed Azrael
 10547 | Orc:2    | Killed Azrael
 10556 | Orc:2    | Noticed Saint Roka
 10683 | Orc:1    | Reached skill level 16 in Long Blades
 11671 | Orc:1    | Noticed an orc warlord
 11726 | Orc:1    | Slain by an orc warrior

Vault maps used:
D:1:      tarquinn_simple_flora_water_c
D:3:      first_bread, st_stairs_14, serial_bayou_pond_a, minmay_misc_feat_roman
D:4:      lexackson_kobold_supper
D:5:      minmay_temple_entry_trees, grunt_gozag_statues
D:6:      gup_sewer_entry_spiral
D:7:      lemuel_doored_altar
D:8:      minmay_opposing_rooms, serial_ice, serial_ice_c, serial_ice_l,
          serial_ice_e, serial_ice_g, serial_ice_d, serial_ice_f, the_bakery,
          uniq_joseph
D:9:      orc_0_dummy
D:10:     lair_entry_dummy, minmay_crystal_water, tgw_sif
Orc:2:    st_orc_town, minmay_orc_temple_b, uniq_azrael, uniq_saint_roka

Skill      XL: |  1  2  3  4  5  6  7  8  9 10 11 |
---------------+----------------------------------+-----
Long Blades    | 3 4 5 6 8 10 12 14 16 | 16.2
Armour         | 1 2 3 |  3.0
Dodging        | 3 |  3.1
Fighting       | |  3.0
Stealth        | |  1.7

Action                   |  1- 3 |  4- 6 |  7- 9 | 10-12 || total
-------------------------+-------+-------+-------+-------++-------
Melee: Short sword       |    67 |   146 |   453 |       ||   666
       Falchion          |       |    39 |    41 |   476 ||   556
       Great sword       |       |       |    11 |       ||    11
Invok: Call Merchant     |       |       |     1 |       ||     1
Evoke: Wand              |       |       |     2 |     4 ||     6
  Use: Potion            |       |     4 |     1 |     9 ||    14
       Scroll            |       |       |    18 |     3 ||    21
 Stab: Sleeping          |     2 |       |       |       ||     2
       Distracted        |       |       |     1 |     2 ||     3
       Invisible         |       |       |       |     7 ||     7
  Eat: Chunk             |     1 |     6 |     1 |       ||     8
       Bread ration      |       |       |     3 |     2 ||     5
       Fruit             |       |       |     3 |       ||     3
       Meat ration       |       |       |       |     2 ||     2
Armor: Robe              |     2 |       |       |       ||     2
       Leather armour    |     4 |       |       |       ||     4
       Scale mail        |    14 |    66 |   126 |    97 ||   303
Dodge: Dodged            |    28 |    72 |   292 |   219 ||   611
       Rpst.: Falchion   |       |     8 |     5 |    54 ||    67
       Great sword       |       |       |     3 |     1 ||     4
